 Dungeon Crawl Stone Soup version 0.17.1-3-g152610e (webtiles) character file.

201 kaze the Skirmisher (level 5, -13/41 HPs)
             Began as a Demonspawn Fighter on Apr 13, 2016.
             Was a Follower of Dithmenos.
             Killed by divine providence
             ... invoked by an orc priest
              (14 damage)
             ... on level 4 of the Dungeon.
             The game lasted 00:06:40 (3708 turns).

kaze the Skirmisher (Demonspawn Fighter)            Turns: 3708, Time: 00:06:40

Health: -13/41     AC: 12    Str: 18    XL:     5   Next: 50%
Magic:  5/5        EV:  7    Int:  9    God:    Dithmenos [*.....]
Gold:   267        SH:  9    Dex: 12    Spells: 0 memorised, 4 levels left

rFire  . . .     SeeInvis .     q - -1 hunting sling (curse)
rCold  + . .     Clarity  .     f - +0 scale mail
rNeg   . . .     SustAt   .     c - +0 shield
rPois  .         Gourm    .     (helmet restricted)
rElec  .         Spirit   .     (no cloak)
rCorr  .         Warding  .     (no gloves)
rMut   .         Stasis   .     g - +0 pair of boots
MR     .....                    (no amulet)
Stlth  ..........               (no ring)
                                (no ring)

@: wreathed by umbra, not resistant to hostile enchantments, extremely
unstealthy
A: horns 2, iridescent scales 1, cold resistance 1
a: Renounce Religion


You were on level 4 of the Dungeon.
You worshipped Dithmenos.
Dithmenos was aware of your devotion.
You were not hungry.

You visited 1 branch of the dungeon, and saw 4 of its levels.

You collected 267 gold pieces.

Inventory:

Hand Weapons
 a - a +1 spear of piercing
 b - a +0 hunting sling
 e - a +0 mace
 q - a cursed -1 hunting sling (weapon)
Missiles
 l - 22 poisoned needles
 m - 86 stones (quivered)
Armour
 c - a +0 shield (worn)
 f - a +0 scale mail (worn)
 g - a +0 pair of boots (worn)
Scrolls
 p - a scroll of fog
 s - a scroll of teleportation
 t - 5 scrolls of identify
 u - a scroll of enchant weapon {unknown}
 v - 2 scrolls of remove curse {unknown}
Potions
 j - 2 potions of degeneration {unknown}
 k - a potion of ambrosia {unknown}
 o - 2 potions of curing {unknown}
 r - 2 potions of agility {unknown}
Comestibles
 h - 5 fruits
 n - a royal jelly


   Skills:
 + Level 3.6 Fighting
 + Level 1.9 Polearms
 + Level 2.6 Slings
 + Level 3.3 Armour
 + Level 1.4 Dodging
 + Level 0.2 Stealth
 + Level 3.3 Shields


You had 4 spell levels left.
You didn't know any spells.

Dungeon Overview and Level Annotations

Branches:
Dungeon (4/15)
 Temple: D:4-7

Altars:
Dithmenos
Ru


Innate Abilities, Weirdness & Mutations

You have a pair of horns on your head.
You are partially covered in iridescent scales (AC +4).
Your flesh is cold resistant.


Message History

You see here an iguana corpse.
You start resting.
An orc priest comes into view. It is wielding a dagger.
An orc priest is nearby!
An orc priest is nearby!
An orc priest is nearby!
An orc priest is nearby!
The orc priest shouts!
The orc shouts!
The orc shouts!
You block the orc priest's attack.
You see here an adder corpse.
The orc priest looks braver for a moment.
The orc priest miscasts a cantrip.
The orc priest calls down the wrath of Beogh upon you.
Something smites you!
* * * LOW HITPOINT WARNING * * *
The orc priest calls down the wrath of Beogh upon you.
Something smites you!
You die...

..#((..........# #############
................# #.......#
.(.............## #...♣...#
....(o........## #..#[#..######
##...........## #.♣.#.♣.#.....
#......†..### #..#.#..#.....
#.......###########...♣...#.....
..###...o.o...##..#.......#.....
.# ########..o@.#####'####.....
####..#####..........
#..##.###.........
##....####........ ##......#
##....... #.......## ##....##
##........# ###### #.........# #
#.........# #####


You could see 2 orc priests and an orc.

Vanquished Creatures
  A hound (D:4)
  Ijyb (D:3)
  An iguana (D:4)
  3 adders
  An ooze (D:1)
  4 worms
  An orc (D:3)
  3 giant cockroaches
  8 goblins
  12 hobgoblins
  8 bats
  3 giant geckos
  2 giant newts (D:1)
  9 jackals
  10 kobolds
  10 rats
77 creatures vanquished.

Notes
Turn   | Place    | Note
--------------------------------------------------------------
     0 | D:1      | kaze the Demonspawn Fighter began the quest for the Orb.
     0 | D:1      | Reached XP level 1. HP: 18/18 MP: 1/1
   242 | D:1      | Gained mutation: Your flesh is cold resistant. [demonic ancestry]
   242 | D:1      | Reached XP level 2. HP: 24/24 MP: 2/2
   504 | D:1      | Gained mutation: You have a pair of small horns on your head. [demonic ancestry]
   504 | D:1      | Reached XP level 3. HP: 29/29 MP: 3/3
   798 | D:2      | Found a sacrificial altar of Ru.
  1805 | D:2      | Gained mutation: You have a pair of horns on your head. [demonic ancestry]
  1805 | D:2      | Reached XP level 4. HP: 36/36 MP: 4/4
  2440 | D:3      | Reached skill level 1 in Slings
  2464 | D:3      | Noticed Ijyb
  2510 | D:3      | Killed Ijyb
  2510 | D:3      | Reached skill level 1 in Dodging
  2930 | D:3      | Found a faded altar to an unknown god.
  3055 | D:3      | Became a worshipper of Dithmenos the Shadowed
  3055 | D:3      | Reached * piety under Dithmenos
  3316 | D:4      | Noticed a phantom
  3552 | D:4      | Gained mutation: You are partially covered in iridescent scales (AC +4). [demonic ancestry]
  3552 | D:4      | Reached XP level 5. HP: 34/41 MP: 5/5
  3705 | D:4      | HP: 1/41 [orc priest/divine providence (11)]
  3708 | D:4      | Killed from afar by an orc priest

Action                   |  1- 3 |  4- 6 || total
-------------------------+-------+-------++-------
Melee: Spear             |   107 |       ||   107
       Hunting sling     |    64 |    45 ||   109
 Fire: Hunting sling     |    51 |   179 ||   230
  Use: Scroll            |     4 |     2 ||     6
       Potion            |     1 |     1 ||     2
  Eat: Chunk             |     2 |       ||     2
       Bread ration      |     1 |     1 ||     2
